 Dungeon Crawl Stone Soup version 0.31-a0-692-gf03d1854d5 (webtiles) character file.

Game seed: 8846888203037332710

68 qw the Shooter (level 4, 0/28 HPs)
             Began as a Gargoyle Hunter on Sept 6, 2023.
             Slain by Terence
             ... wielding a +0 mace of protection
              (5 damage)
             ... on level 3 of the Dungeon.
             The game lasted 00:00:34 (1656 turns).

qw the Shooter (Gargoyle Hunter)                    Turns: 1656, Time: 00:00:35

Health: 0/28       AC:  9    Str: 15    XL:     4   Next: 19%
Magic:  4/4        EV: 11    Int:  9    God:
Gold:   130        SH:  0    Dex: 15    Spells: 3/3 levels left

rFire   . . .        Y - +1 shortbow
rCold   . . .        (shield currently unavailable)
rNeg    + + .        j - +0 ring mail
rPois   inf          (no helmet)
rElec   +            a - +0 cloak
rCorr   +            (no gloves)
SInv    .            (no boots)
Will    .....        (no amulet)
Stlth   +            f - ring of positive energy
HPRegen 0.24/turn    i - ring of resist corrosion
MPRegen 0.09/turn

%: no passive effects
@: no status effects
A: sickness immunity, AC +3, negative energy resistance 1, electricity
resistance, torment resistance 1, petrification resistance
a: no special abilities


You were on level 3 of the Dungeon.
You visited 1 branch of the dungeon, and saw 3 of its levels.

You collected 130 gold pieces.


Innate Abilities, Weirdness & Mutations

You are immune to sickness and miasma.
Your stone body is resilient. (AC +3)
You are immune to poison.
You resist negative energy. (rN+)
You are resistant to electric shocks. (rElec)
You are resistant to unholy torment.
You are immune to petrification.


   Skills:
 - Level 3.0 Fighting
 + Level 5.1 Ranged Weapons
 - Level 1.0 Armour
 - Level 1.5 Dodging
 - Level 1.1 Stealth


You had 3 spell levels left.
You didn't know any spells.
Your spell library was empty.

Inventory:

Hand Weapons
 Y - a +1 shortbow (weapon)
Armour
 a - a +0 cloak (worn)
 d - a +1 hat
 j - a +0 ring mail (worn)
Jewellery
 b - a +4 ring of protection
 f - a ring of positive energy (left hand)
 i - a ring of resist corrosion (right hand)
 k - the ring "Kistracw" {rElec rPois rF+ SInv}
   (You found it on level 3 of the Dungeon)

   [ring of protection from fire]

   rF+:       It protects you from fire.
   rElec:     It insulates you from electricity.
   rPois:     It protects you from poison SInv: It lets you see invisible.
 l - an amulet of magic regeneration
Scrolls
 e - a scroll of identify
Potions
 c - a potion of resistance
 g - a potion of might
 h - a potion of cancellation
 m - a potion of brilliance {unknown}

Dungeon Overview and Level Annotations

Branches:
Dungeon (3/15)

Altars:
Elyvilon
Qazlal
Yredelemnul

Annotations:
D:3 1 runed translucent door, Terence


Message History

Terence shouts!
You shoot an arrow. The arrow hits Terence.
Terence is lightly wounded.
You shoot an arrow. The arrow completely misses Terence.
Terence hits you but does no damage.
You shoot an arrow. The arrow closely misses Terence.
Terence closely misses you.
You shoot an arrow. The arrow hits Terence.
Terence is moderately wounded.
Terence hits you with a +0 mace of protection.
You shoot an arrow.
The arrow hits Terence but does no damage.
Terence is moderately wounded.
Terence hits you with a +0 mace of protection.
Terence closely misses you.
You shoot an arrow.
The arrow hits Terence but does no damage.
Terence is moderately wounded.
Terence hits you but does no damage.
You shoot an arrow.
The arrow hits Terence but does no damage.
Terence is moderately wounded.
Terence hits you with a +0 mace of protection.
You shoot an arrow. The arrow closely misses Terence.
Terence barely misses you. Terence misses you.
You shoot an arrow.
The arrow hits Terence but does no damage.
Terence is moderately wounded.
Terence hits you with a +0 mace of protection.
You shoot an arrow.
The arrow hits Terence but does no damage.
Terence is moderately wounded.
Terence hits you with a +0 mace of protection.
You shoot an arrow. The arrow hits Terence.
Terence is heavily wounded.
Terence hits you with a +0 mace of protection!
You shoot an arrow. The arrow hits Terence.
Terence is severely wounded.
Terence hits you with a +0 mace of protection.
You die...

#.# #.# #.# #.#
#.# #.# #####
######### #.#
#.... ......@.#
#.####.### #@#
#).....#
#.############.#
#..............#
################


You could see Terence.

Vanquished Creatures
  2 adders
  A worm (D:3)
  A dart slug (D:2)
  4 orcs (D:3)
  A ball python (D:1)
  5 endoplasms
  3 giant cockroaches
  6 goblins
  3 hobgoblins
  2 quokkas
  4 bats
  2 frilled lizards (D:2)
  A kobold (D:2)
  2 rats (D:2)
37 creatures vanquished.

Notes
Turn   | Place    | Note
-------+----------+-------------------------------------------
     0 | D:1      | qw the Gargoyle Hunter began the quest for the Orb.
     0 | D:1      | Reached XP level 1. HP: 12/12 MP: 1/1
     0 | D:1      | 0 ||| qw: Version: 0.3-a-76-g4403597
     0 | D:1      | 0 ||| qw: Game counter: 65
     0 | D:1      | 0 ||| qw: Melee chars always use a shield: true
     0 | D:1      | 0 ||| qw: God list: Okawaru
     0 | D:1      | 0 ||| qw: Allow faded altars: false
     0 | D:1      | 0 ||| qw: Do Orc after clearing Dungeon:15 true
     0 | D:1      | 0 ||| qw: Do second Lair branch before Depths: true
     0 | D:1      | 0 ||| qw: Lair rune preference: random
     0 | D:1      | 0 ||| qw: Goals: Normal
     0 | D:1      | 0 ||| PLANNING D:1-11
    91 | D:1      | Reached XP level 2. HP: 17/17 MP: 2/2
   103 | D:1      | Found a faded altar of an unknown god.
   319 | D:1      | 319 ||| UPGRADING to +0 ring mail.
   329 | D:1      | 329 ||| DROPPING +0 leather armour.
   330 | D:1      | 330 ||| UPGRADING to ring of positive energy.
   331 | D:1      | 331 ||| UPGRADING to ring of resist corrosion.
   332 | D:1      | 332 ||| READING scroll labelled LECVECH KULOIST.
   336 | D:1      | 336 ||| READING 4 scrolls labelled LUEG YTRAU.
   337 | D:1      | 337 ||| READING scroll labelled OMABUZI WANE.
   338 | D:1      | 338 ||| READING 3 scrolls of identify.
   338 | D:1      | 338 ||| IDENTIFYING fuming cyan potion
   339 | D:1      | 339 ||| DROPPING scroll of butterflies.
   469 | D:2      | Reached skill level 1 in Armour
   485 | D:2      | Reached XP level 3. HP: 20/21 MP: 3/3
   612 | D:2      | Reached skill level 5 in Ranged Weapons
  1129 | D:2      | 1129 ||| UPGRADING to +0 cloak.
  1134 | D:2      | 1134 ||| READING 2 scrolls labelled ETIWUT VO OLU.
  1135 | D:2      | 1135 ||| READING scroll labelled JUEBRA ATAROAM.
  1136 | D:2      | 1136 ||| READING scroll labelled RUZ QUARGHOIRIT.
  1137 | D:2      | 1137 ||| READING 3 scrolls of identify.
  1137 | D:2      | 1137 ||| IDENTIFYING grey potion
  1138 | D:2      | 1138 ||| READING 2 scrolls of identify.
  1138 | D:2      | 1138 ||| IDENTIFYING blue potion
  1139 | D:2      | 1139 ||| DROPPING scroll of blinking.
  1182 | D:3      | Found a white marble altar of Elyvilon.
  1182 | D:3      | Found a runed translucent gate.
  1191 | D:3      | Found a stormy altar of Qazlal.
  1235 | D:3      | Identified the ring "Kistracw" {rElec rPois rF+ SInv}
  1481 | D:3      | Found a basalt altar of Yredelemnul.
  1484 | D:3      | Reached XP level 4. HP: 27/27 MP: 4/4
  1485 | D:3      | Reached skill level 3 in Fighting
  1644 | D:3      | Noticed Terence
  1655 | D:3      | HP: 4/28 [Terence/+0 mace of protection (8)]
  1656 | D:3      | Slain by Terence

Levels and vault maps discovered:
D:1:      zelgadis_glass_arrival_small, layout_rooms,
          dreamdust_ecumenical_altar_statues
D:2:      layout_basic
D:3:      layout_loops_ring, nicolae_ru_the_path_less_chosen,
          lemuel_coloured_pillars_altar, old_standard_altar,
          grunt_temple_overflow_open, biasface_ghost_orc_armoury, minivault_11,
          uniq_terence

Skill      XL: |  1  2  3  4 |
---------------+-------------+-----
Armour         | 1 |  1.0
Ranged Weapons | 5 |  5.1
Fighting       | 3 |  3.0
Dodging        | |  1.5
Stealth        | |  1.1

Action                     |  1- 3 |  4- 6 || total
---------------------------+-------+-------++-------
   Fire: Shortbow          |    88 |    21 ||   109
    Use: Scroll            |     9 |       ||     9
 Armour: Leather armour    |     4 |       ||     4
         Ring mail         |    12 |     9 ||    21
  Dodge: Dodged            |    10 |     4 ||    14

Table legend:
 A = Non-vault XP
 B = Vault XP
 C = Vault XP percentage of total XP
 D = Non-vault monster count
 E = Vault monster count
 F = Vault count percentage of total count
                 A         B        C        D         E       F
            +---------+---------+-------+---------+---------+-------
      Total |      98 |       0 |   0.0 |      37 |       0 |   0.0
            +---------+---------+-------+---------+---------+-------
        D:1 |      23 |       0 |   0.0 |      12 |       0 |   0.0
        D:2 |      37 |       0 |   0.0 |      15 |       0 |   0.0
        D:3 |      38 |       0 |   0.0 |      10 |       0 |   0.0
            +---------+---------+-------+---------+---------+-------
